 Dungeon Crawl Stone Soup version 0.25.1-4-g9407a263a5 (webtiles) character file.

Game seed: 14364324678536848590

278430 chickendinner the Executioner (level 19, 0/280 HPs)
             Began as a Minotaur Berserker on Nov 24, 2020.
             Was the Champion of Trog.
             Shot with a bolt by a yaktaur (20 damage)
             ... led by a vault warden
             ... on level 3 of the Vaults on Nov 25, 2020.
             The game lasted 02:15:55 (45462 turns).

chickendinner the Executioner (Minotaur Berserker) Turns: 45462, Time: 02:15:56

Health: 0/280      AC: 32    Str: 30    XL:     19   Next: 63%
Magic:  0/18       EV: 18    Int:  4    God:    Trog [******]
Gold:   2226       SH:  0    Dex: 13    Spells: 18/18 levels left

rFire    + . .     SeeInvis .   o - +4 executioner's axe (vorpal)
rCold    . . .     Gourm    .   (shield currently unavailable)
rNeg     . . .     Faith    .   E - +5 chain mail
rPois    +         Spirit   +   (helmet restricted)
rElec    .         Reflect  .   d - +2 cloak
rCorr    .         Harm     .   V - +2 pair of gloves {Str+3}
MR       ++...                  w - +2 pair of boots
Stlth    ..........             Y - amulet of guardian spirit
HPRegen  0.56/turn              T - ring of poison resistance
MPRegen  0.16/turn              e - ring of Oguygg {MR+ EV+4}

@: berserking (expiring), very quick
A: retaliatory headbutt, horns 2, slimy green scales 1, fire resistance 1
}: 2/15 runes: barnacled, gossamer
a: Berserk, Trog's Hand, Brothers in Arms, Renounce Religion


You were on level 3 of the Vaults.
You worshipped Trog.
Trog was exalted by your worship.
You were not hungry.

You visited 6 branches of the dungeon, and saw 30 of its levels.

You collected 3640 gold pieces.
You spent 1414 gold pieces at shops.

Inventory:

Hand Weapons
 o - a +4 vorpal executioner's axe (weapon)
 z - the +6 rapier of the Butterfly {vorpal, +Blink +Fly Int+4}
   (Trog gifted it to you on level 2 of the Orcish Mines)

   It inflicts extra damage upon your enemies.
   It affects your intelligence (+4).
   It lets you fly.
   It lets you blink.
 F - a +3 antimagic executioner's axe
 J - the +10 hunting sling of Blue Conscience {venom, Int+2}
   (You found it on level 7 of the Dungeon)

   It poisons the ammo it fires.
   It affects your intelligence (+2).
 P - a +4 vampiric war axe
 U - a +5 vorpal battleaxe
 X - the +0 battleaxe "Unavviwyge" {flame, rPois rF- Dex+3}
   (Trog gifted it to you on level 4 of the Shoals)

   It has been specially enchanted to burn those struck by it, causing extra
   injury to most foes and up to half again as much damage against particularly
   susceptible opponents.
   Big, fiery blades are also staple armaments of hydra-hunters.
   It affects your dexterity (+3).
   It makes you vulnerable to fire.
   It protects you from poison.
Missiles
 f - 950 arrows
 g - 105 boomerangs (quivered)
 N - 87 sling bullets
Armour
 d - a +2 cloak (worn)
 w - a +2 pair of boots (worn)
 E - a +5 chain mail (worn)
 V - a +2 pair of gloves of strength (worn)
Jewellery
 e - the ring of Oguygg (right hand) {MR+ EV+4}
   (You bought it in a shop on level 2 of the Orcish Mines)

   [ring of evasion]

   It affects your evasion (+4).
   It affects your resistance to hostile enchantments.
 h - an uncursed ring of fire
 C - an uncursed ring of wizardry {unknown}
 M - a +6 ring of dexterity
 O - an uncursed ring of ice
 T - a ring of poison resistance (left hand)
 Y - an amulet of guardian spirit (around neck)
Wands
 a - a wand of paralysis (18)
 s - a wand of flame (27)
 Z - a wand of enslavement (12)
Scrolls
 b - 2 scrolls of summoning
 i - 6 scrolls of fog
 m - 11 scrolls of remove curse
 n - 8 scrolls of identify
 r - 6 scrolls of teleportation
 t - 9 scrolls of magic mapping
 y - 9 scrolls of fear
 L - a scroll of vulnerability
Potions
 j - a potion of stabbing
 k - 4 potions of haste
 l - 5 potions of ambrosia
 p - 5 potions of magic
 q - 7 potions of curing
 u - a potion of resistance
 v - 3 potions of mutation
 x - 5 potions of might {unknown}
 A - 4 potions of cancellation {unknown}
 G - a potion of heal wounds
 Q - 2 potions of invisibility {unknown}
 R - 4 potions of flight {unknown}
 W - a potion of brilliance {unknown}
Comestibles
 c - 20 rations


   Skills:
 + Level 20.3 Fighting
 + Level 25.6 Axes
 + Level 11.4(11.5) Slings
 + Level 0.5(6.7) Throwing
 + Level 17.4 Armour
 + Level 8.6 Dodging
 + Level 3.9 Stealth
   Level 3.2 Shields
 + Level 0.4 Evocations


You had 18 spell levels left.
You didn't know any spells.
Your spell library was empty.

Dungeon Overview and Level Annotations

Branches:
Dungeon (13/15)            Temple (0/1) D:6            Lair (4/6) D:9
 Shoals (4/4) Lair:3       Spider (4/4) Lair:2          Orc (2/2) D:12
    Elf (0/3) Orc:2        Vaults (3/5) D:13          Crypt (0/3) Vaults:3

Altars:
Cheibriados
Elyvilon
Hepliaklqana
Ru
Yredelemnul
Beogh

Shops:
D:7 :   D:8 [   Orc:2 !*?=   Shoals:2 *   Vaults:3 (

Portals:
Trove: D:11 (show slimy rune of Zot)

Annotations:
Vaults:1 3 runed translucent doors, theMacoje's ghost, adept OgEn; wjh11's ghost, veteran MiBe


Innate Abilities, Weirdness & Mutations

You reflexively headbutt those who attack you in melee.
You have a pair of horns on your head.
You are partially covered in slimy green scales. (AC +2)
Your flesh is heat resistant. (rF+)


Message History

The yaktaur wields a +0 arbalest.
The yaktaur shoots a bolt.
The bolt hits you!!
* * * LOW HITPOINT WARNING * * *
The yaktaur shoots a bolt.
The bolt hits you but does no damage.
The yaktaur shoots a bolt.
The bolt hits you but does no damage.
The orc warrior hits you with a +0 long sword.
* * * LOW HITPOINT WARNING * * *
Things that are here:
a +0 arbalest; 8 bolts You open the orc warrior like a pillowcase!!!
You feel the power of Trog in you as your rage grows.
You kill the orc warrior!
Trog accepts your kill.
You slice the yaktaur like a ripe choko!!!
You kill the yaktaur!
Trog accepts your kill.
The yaktaur shoots a bolt.
The bolt hits you!
* * * LOW HITPOINT WARNING * * *
The yaktaur shoots a bolt.
The bolt hits you!!
You die...

+.).(.c# #...#)#)h#..
#....(.# #####).o..O.
#####'### #######o
#.......# #....c..#
#..ccc..# #....c..#
#.......#
#########....@)(#
#.......'....)..##
#.##.##.'...(....###
#.#.#.#.#..([...(..##
#..#>#..#.(.........#
#.#.#.#.+((....._...#
#.##)##.#...........###+#
#.......######..........#
###+##### #####......#


You could see 5 yaktaurs.

Vanquished Creatures
  Arachne (Spider:4)
  Jorgrun (D:12)
  Rupert (Orc:2)
  2 sphinxes (Vaults:1)
  Frances (D:12)
  Gastronok (D:12)
  A tengu reaver (Vaults:1)
  Donald (Spider:3)
  2 deep elf sorcerers (Vaults:1)
  2 frost giants
  6 vault wardens
  3 ghost moths (Spider:4)
  6 emperor scorpions
  5 ironheart preservers
  9 entropy weavers
  2 stone giants
  A vampire knight (Vaults:3)
  A stone giant (shapeshifter) (Vaults:3)
  The ghost of Thomus the Severer, a journeyman HOFi of Okawaru (Orc:2)
  A minotaur (shapeshifter) (Vaults:2)
  The ghost of kalagan the Bringer of Light, a journeyman GrFi of the Shining One (Orc:2)
  A deep elf annihilator (Vaults:2)
  3 spark wasps
  The ghost of patan the Brawler, a journeyman TrBe of Trog (Orc:2)
  2 ettins (Vaults:3)
  Snorg (D:10)
  4 merfolk javelineers
  9 ogre magi
  A jiangshi (Vaults:3)
  The ghost of havocjr3 the Nimble, a journeyman GnGl of Hepliaklqana (Orc:2)
  8 merfolk impalers
  4 great orbs of eyes
  4 rakshasas
  4 yaktaur captains
  3 vault guards
  Harold (D:10)
  5 hydras
  3 ice dragons
  6 merfolk avatars
  Fannar (Orc:1)
  A satyr (Shoals:2)
  An alligator snapping turtle (Shoals:3)
  A catoblepas (Lair:4)
  9 centaur warriors
  24 two-headed ogres
  2 merfolk aquamancers
  A vampire mage (Vaults:3)
  Urug (Orc:1)
  4 deep elf knights (Vaults:1)
  4 orc high priests (Orc:2)
  Nergalle (D:10)
  A shadow wraith (Vaults:1)
  A deep troll (Vaults:1)
  12 sea snakes
  A death drake (shapeshifter) (Vaults:2)
  A deep troll (shapeshifter) (Vaults:1)
  2 glowing orange brains
  5 deep elf archers
  5 ironbrand convokers
  A wizard (Vaults:1)
  7 orc knights
  3 necromancers (D:13)
  39 wolf spiders
  A harpy (shapeshifter) (Vaults:3)
  18 orb spiders
  24 harpies
  10 deep elf magi
  6 cyclopes
  4 orc sorcerers
  13 slime creatures (Vaults:1)
  4 fauns
  12 manticores
  19 ugly things
  10 merfolk sirens
  3 moths of wrath
  3 black mambas
  Maurice (D:11)
  2 rime drakes
  9 spiny frogs
  7 vault sentinels
  5 water nymphs
  3 freezing wraiths
  24 yaktaurs
  7 komodo dragons
  14 demonic crawlers
  27 merfolk
  A queen bee (D:8)
  A meliai (shapeshifter) (Vaults:3)
  4 trolls
  35 jumping spiders
  13 hornets
  4 wind drakes
  4 blink frogs (Lair:4)
  2 dream sheep (Shoals:2)
  7 hippogriffs
  9 snapping turtles
  87 redbacks
  Sigmund (D:4)
  A shadow (D:11)
  50 tarantellas
  33 yaks
  9 water elementals
  3 wyverns
  2 basilisks (Lair:3)
  A hungry ghost (D:9)
  A yaktaur simulacrum (Vaults:2)
  16 humans (D:13)
  10 wargs
  6 water moccasins
  4 acid dragons
  29 orc warriors
  5 porcupines
  A hornet zombie (D:5)
  5 ice beasts
  4 sky beasts
  An eye of draining (D:12)
  2 phantoms
  A black bear (D:7)
  31 ogres
  2 necrophages (D:10)
  6 boggarts
  8 wolves
  A wolf (shapeshifter) (Vaults:1)
  18 centaurs
  6 crocodiles
  2 big kobolds (D:8)
  6 bullfrogs
  A wyvern zombie (D:11)
  A water moccasin zombie (D:9)
  2 scorpions
  9 wights
  25 killer bees
  3 electric eels (D:12)
  3 crimson imps
  A centaur zombie (D:6)
  A quasit (D:10)
  2 bullfrog skeletons
  A bullfrog zombie (D:12)
  4 hounds
  4 jellies
  28 orc priests
  A centaur skeleton (D:4)
  31 orc wizards
  An iguana (D:6)
  9 worker ants
  A hound skeleton (D:8)
  9 adders
  4 shadow imps
  2 oozes (D:4)
  2 adder skeletons (D:6)
  2 worms (D:2)
  5 dart slugs
  3 leopard geckos
  82 orcs
  6 giant cockroaches
  9 goblins
  7 hobgoblins
  7 jackals
  5 quokkas
  7 ball pythons
  9 bats
  3 frilled lizards
  A giant cockroach zombie (D:6)
  29 kobolds
  6 rats
  5 fungi
  3 plants
1230 creatures vanquished.

Vanquished Creatures (collateral kills)
  The ghost of DogServant the Carver, a journeyman DsGl of Kikubaaqudgha (Orc:2)
  A merfolk javelineer (Shoals:4)
  A merfolk impaler (Shoals:4)
  An alligator snapping turtle (Shoals:4)
  A merfolk aquamancer (Shoals:4)
  A human (D:13)
6 creatures vanquished.

Vanquished Creatures (others)
  A fire giant (Vaults:3)
  4 orcs (D:12)
  8 plants
  6 withered plants (Vaults:1)
19 creatures vanquished.

Grand Total: 1255 creatures vanquished

Notes
Turn   | Place    | Note
-------+----------+-------------------------------------------
     0 | D:1      | chickendinner the Minotaur Berserker began the quest for
                  | the Orb.
     0 | D:1      | Reached XP level 1. HP: 19/19 MP: 0/0
   312 | D:1      | Reached XP level 2. HP: 27/27 MP: 1/1
   649 | D:1      | Reached skill level 4 in Axes
  1173 | D:2      | Reached ** piety under Trog
  1174 | D:2      | Reached XP level 3. HP: 34/34 MP: 2/2
  1217 | D:2      | Found a snail-covered altar of Cheibriados.
  1461 | D:2      | Reached XP level 4. HP: 33/41 MP: 3/3
  2194 | D:3      | Reached skill level 5 in Fighting
  2194 | D:3      | Reached skill level 5 in Axes
  2194 | D:3      | Reached XP level 5. HP: 39/48 MP: 4/4
  2656 | D:3      | Reached *** piety under Trog
  2847 | D:4      | Reached XP level 6. HP: 49/56 MP: 5/5
  2972 | D:4      | Reached skill level 6 in Axes
  3189 | D:4      | Reached XP level 7. HP: 61/61 MP: 6/6
  3556 | D:4      | Noticed Sigmund
  3588 | D:4      | Killed Sigmund
  3588 | D:4      | Reached skill level 5 in Armour
  3970 | D:4      | Found a basalt altar of Yredelemnul.
  4142 | D:5      | Entered Level 5 of the Dungeon
  4277 | D:5      | Found a sacrificial altar of Ru.
  4341 | D:5      | Reached skill level 7 in Axes
  4341 | D:5      | Reached skill level 1 in Stealth
  4528 | D:5      | Found a white marble altar of Elyvilon.
  5006 | D:6      | Reached XP level 8. HP: 70/70 MP: 7/7
  5149 | D:6      | Reached **** piety under Trog
  5150 | D:6      | Reached skill level 8 in Axes
  5395 | D:6      | Found a staircase to the Ecumenical Temple.
  6059 | D:7      | Got a twisted hunting sling
  6061 | D:7      | Identified the +10 hunting sling of Blue Conscience {venom,
                  | Int+2} (You found it on level 7 of the Dungeon)
  6138 | D:7      | Reached skill level 9 in Axes
  6310 | D:7      | Found Uhuest's Book Shop.
  6493 | D:8      | Reached skill level 1 in Slings
  6493 | D:8      | Reached XP level 9. HP: 51/79 MP: 8/8
  6725 | D:8      | Reached ***** piety under Trog
  6934 | D:8      | Noticed a two-headed ogre
  6943 | D:8      | Killed a two-headed ogre
  6943 | D:8      | Reached skill level 10 in Axes
  6960 | D:8      | Found Asaeze Aquu's Armour Shop.
  6966 | D:8      | Noticed a queen bee
  6987 | D:8      | Killed a queen bee
  6987 | D:8      | Reached skill level 5 in Slings
  7159 | D:8      | Reached XP level 10. HP: 60/91 MP: 9/9
  7918 | D:9      | Found a white marble altar of Elyvilon.
  8016 | D:9      | Noticed a centaur warrior
  8026 | D:9      | Killed a centaur warrior
  8191 | D:9      | Noticed a four-headed hydra
  8200 | D:9      | Killed a four-headed hydra
  8200 | D:9      | Reached skill level 11 in Axes
  8200 | D:9      | Reached skill level 5 in Dodging
  8430 | D:9      | Reached skill level 10 in Armour
  8546 | D:9      | Got a twisted leather armour
  8547 | D:9      | Identified the cursed +0 leather armour of Nieqis {Int+4}
                  | (You found it on level 9 of the Dungeon)
  8909 | D:9      | Found a staircase to the Lair.
  9144 | Lair:1   | Entered Level 1 of the Lair of Beasts
  9260 | Lair:1   | Reached skill level 10 in Fighting
  9260 | Lair:1   | Reached XP level 11. HP: 54/99 MP: 10/10
  9356 | Lair:1   | Noticed a six-headed hydra
  9363 | Lair:1   | Killed a six-headed hydra
  9470 | Lair:1   | Reached skill level 12 in Axes
 10447 | Lair:2   | Received a gift from Trog
 10570 | Lair:2   | Reached skill level 13 in Axes
 10810 | Lair:2   | You fall into a shaft and drop 1 floor!
 10877 | Lair:3   | Found a staircase to the Shoals.
 11156 | Lair:2   | Found a hole to the Spider Nest.
 11156 | Lair:2   | Noticed an orb spider
 11174 | Lair:2   | Killed an orb spider
 11571 | Lair:2   | Reached XP level 12. HP: 96/108 MP: 11/11
 11803 | Lair:3   | Noticed a six-headed hydra
 11814 | Lair:3   | Killed a six-headed hydra
 12370 | Lair:3   | Reached skill level 14 in Axes
 12959 | Lair:4   | Noticed a seven-headed hydra
 12965 | Lair:4   | Killed a seven-headed hydra
 12997 | Lair:4   | Noticed a catoblepas
 13161 | Lair:4   | Killed a catoblepas
 13579 | Lair:4   | Noticed an eight-headed hydra
 13592 | Lair:4   | Killed an eight-headed hydra
 14170 | D:10     | Entered Level 10 of the Dungeon
 14287 | D:10     | Noticed Nergalle
 14296 | D:10     | Killed Nergalle
 14595 | D:10     | Reached skill level 15 in Axes
 14718 | D:10     | Noticed Harold
 14731 | D:10     | Killed Harold
 14757 | D:10     | Noticed Snorg
 14770 | D:10     | Killed Snorg
 14770 | D:10     | Reached skill level 1 in Shields
 14770 | D:10     | Reached XP level 13. HP: 50/118 MP: 12/12
 15182 | D:11     | Noticed Maurice
 15199 | D:11     | Killed Maurice
 15467 | D:11     | Found a portal to a secret trove of treasure.
 16454 | D:12     | Reached ****** piety under Trog
 16470 | D:12     | Noticed Jorgrun
 16489 | D:12     | Killed Jorgrun
 16613 | D:12     | Reached skill level 16 in Axes
 16723 | D:12     | Noticed Frances
 16726 | D:12     | Noticed Gastronok
 16736 | D:12     | Killed Frances
 16751 | D:12     | Killed Gastronok
 16908 | D:12     | Received a gift from Trog
 17257 | D:12     | Found a staircase to the Orcish Mines.
 17985 | Orc:1    | Entered Level 1 of the Orcish Mines
 17985 | Orc:1    | Noticed Urug
 18178 | Orc:1    | Killed Urug
 18471 | Orc:1    | Noticed a stone giant
 18481 | Orc:1    | Noticed Fannar
 18485 | Orc:1    | Killed a stone giant
 18666 | Orc:1    | Reached skill level 17 in Axes
 18667 | Orc:1    | Killed Fannar
 19211 | Orc:2    | Entered Level 2 of the Orcish Mines
 19211 | Orc:2    | Noticed Rupert
 19223 | Orc:2    | Killed Rupert
 19223 | Orc:2    | Reached XP level 14. HP: 77/129 MP: 13/13
 20554 | Orc:2    | Received a gift from Trog
 20567 | Orc:2    | Got a crystal rapier {god gift}
 20568 | Orc:2    | Identified the +6 rapier of the Butterfly {vorpal, +Blink
                  | +Fly Int+4} (Trog gifted it to you on level 2 of the Orcish
                  | Mines)
 20725 | Orc:2    | Found a runed translucent gate.
 20725 | Orc:2    | Found a runed translucent gate.
 20725 | Orc:2    | Found a runed translucent gate.
 20726 | Orc:2    | Noticed kalagan's ghost (journeyman GrFi)
 20726 | Orc:2    | Noticed havocjr3's ghost (journeyman GnGl)
 20726 | Orc:2    | Noticed DogServant's ghost (journeyman DsGl)
 20727 | Orc:2    | Noticed Thomus's ghost (journeyman HOFi)
 20727 | Orc:2    | Noticed patan's ghost (journeyman TrBe)
 20758 | Orc:2    | Killed Thomus's ghost
 20759 | Orc:2    | Killed kalagan's ghost
 20760 | Orc:2    | Killed patan's ghost
 20764 | Orc:2    | Killed havocjr3's ghost
 20766 | Orc:2    | Killed DogServant's ghost
 20766 | Orc:2    | Reached skill level 18 in Axes
 21140 | Orc:2    | Found a staircase to the Elven Halls.
 21279 | Orc:2    | Found Libbahy's Jewellery Emporium.
 21280 | Orc:2    | Found Fihasass's Magic Scroll Emporium.
 21281 | Orc:2    | Found Cenevez's Distillery.
 21284 | Orc:2    | Found Damaitay's Assorted Antiques.
 21291 | Orc:2    | Bought an uncursed amulet of guardian spirit for 540 gold
                  | pieces
 21291 | Orc:2    | Bought the ring of Oguygg {MR+ EV+4} for 874 gold pieces
 21666 | Spider:1 | Entered Level 1 of the Spider Nest
 22336 | Spider:1 | Noticed an entropy weaver
 22346 | Spider:1 | Killed an entropy weaver
 22767 | Spider:1 | Received a gift from Trog
 22816 | Spider:1 | Reached skill level 19 in Axes
 23708 | Spider:1 | Noticed an emperor scorpion
 23721 | Spider:1 | Killed an emperor scorpion
 23721 | Spider:1 | Reached XP level 15. HP: 139/139 MP: 12/14
 23745 | Spider:1 | Found a roughly hewn altar of Beogh.
 24181 | Spider:2 | Reached skill level 15 in Armour
 24791 | Spider:2 | Received a gift from Trog
 25481 | Spider:2 | Reached skill level 15 in Fighting
 25481 | Spider:2 | Reached skill level 10 in Slings
 26015 | Spider:3 | Noticed Donald
 26021 | Spider:3 | Killed Donald
 26679 | Spider:4 | Entered Level 4 of the Spider Nest
 26848 | Spider:4 | Reached skill level 20 in Axes
 26958 | Spider:4 | Received a gift from Trog
 27352 | Spider:4 | Killed a ghost moth
 27471 | Spider:4 | Reached XP level 16. HP: 151/151 MP: 15/15
 27864 | Spider:4 | Noticed Arachne
 27879 | Spider:4 | Killed Arachne
 28763 | Spider:4 | Received a gift from Trog
 29218 | Spider:4 | Reached skill level 21 in Axes
 30102 | Spider:4 | Got a gossamer rune of Zot
 30267 | Spider:4 | Upgraded the game from 0.25.1-3-ge44b62a0b3 to
                  | 0.25.1-4-g9407a263a5
 30399 | Shoals:1 | Entered Level 1 of the Shoals
 33010 | Shoals:2 | Reached XP level 17. HP: 93/161 MP: 4/16
 33245 | Shoals:2 | Found Qurer Eqi's General Store.
 33979 | Shoals:3 | HP: 6/162 [alligator snapping turtle (28)]
 35054 | Shoals:4 | Entered Level 4 of the Shoals
 35193 | Shoals:4 | Reached skill level 22 in Axes
 35206 | Shoals:4 | Received a gift from Trog
 35342 | Shoals:4 | Got an encrusted leather armour
 35348 | Shoals:4 | Identified the +1 leather armour of Rustucvina {*Contam rN+
                  | Int+4 Dex-4} (You found it on level 4 of the Shoals)
 36545 | Shoals:4 | Received a gift from Trog
 36894 | Shoals:4 | Got a crude battleaxe {god gift}
 36895 | Shoals:4 | Identified the +0 battleaxe "Unavviwyge" {flame, rPois rF-
                  | Dex+3} (Trog gifted it to you on level 4 of the Shoals)
 37040 | Shoals:4 | Got a barnacled rune of Zot
 37755 | D:13     | Gained mutation: You are partially covered in slimy green
                  | scales. (AC +2) [potion of mutation]
 37755 | D:13     | Gained mutation: Your flesh is heat resistant. (rF+)
                  | [potion of mutation]
 37849 | D:13     | Found a gate to the Vaults.
 38519 | Vaults:1 | Entered Level 1 of the Vaults
 38562 | Vaults:1 | Received a gift from Trog
 39418 | Vaults:1 | Reached XP level 18. HP: 155/173 MP: 5/17
 39420 | Vaults:1 | Reached skill level 23 in Axes
 39735 | Vaults:1 | Received a gift from Trog
 40043 | Vaults:1 | Found a runed translucent gate.
 40062 | Vaults:1 | Found a runed translucent gate.
 40064 | Vaults:1 | Found a runed translucent gate.
 40065 | Vaults:1 | Noticed theMacoje's ghost (adept OgEn)
 41200 | Vaults:1 | Noticed wjh11's ghost (veteran MiBe)
 41957 | Vaults:1 | Received a gift from Trog
 41990 | Vaults:2 | Reached skill level 24 in Axes
 43369 | Vaults:2 | Reached XP level 19. HP: 183/183 MP: 18/18
 43424 | Vaults:2 | Received a gift from Trog
 44346 | Vaults:3 | Reached skill level 25 in Axes
 45080 | Vaults:3 | Found Zoywehiw's Weapon Emporium.
 45116 | Vaults:3 | Found a hazy altar of Hepliaklqana.
 45335 | Vaults:3 | Found a staircase to the Crypt.
 45381 | Vaults:3 | Received a gift from Trog
 45442 | Vaults:3 | HP: 3/187 [ice dragon/blast of cold (25)]
 45462 | Vaults:3 | Shot with a bolt by a yaktaur

Illustrated notes

Levels and vault maps discovered:
D:1:      roderic_chinese_lattice_arrival, layout_basic, minivault_5,
          minmay_misc_feat_nine_boxes, chequers_jeans, minmay_shallow_snake_nest
D:2:      minmay_kobold_bridge, layout_basic, cheibriados_altar_1,
          minmay_pentomino_p4
D:3:      layout_basic, first_ration
D:4:      layout_basic, kennysheep_little_box,
          minmay_a_box_with_orc_wizards_in_it, uniq_sigmund
D:5:      layout_gridville, elyvilon_altar_3, overflow_temple_1_default
D:6:      layout_basic, minmay_temple_entry_mist
D:7:      corexii_shack_village, layout_rooms, serial_shops, shop
D:8:      layout_basic, serial_shops, shop, david_nohive_1
D:9:      minmay_diamond_stairs, layout_basic, david_lair_shrubbed, basic_altar
D:10:     layout_irregular_city, uniq_nergalle, uniq_snorg, uniq_harold
D:11:     layout_basic, gauntlet_entry_generic, enter_trove_6, uniq_maurice
D:12:     layout_irregular_city, erik_orc_2, uniq_gastronok, uniq_jorgrun,
          uniq_frances
D:13:     layout_cave_pods, grunt_vaults_entry_tiered, minivault_22,
          nicolae_qazlal_eye_of_the_storm
Lair:1:   layout_misc_corridors
Lair:2:   layout_loops_ring, nicolae_spider_entry_orb_guardian,
          grunt_megastairs_3
Lair:3:   wander_river, layout_gridlike, minmay_shoals_entry_beasts
Lair:4:   layout_cave_pods
Shoals:1: layout_shoals
Shoals:2: layout_shoals, serial_shops, shop
Shoals:3: layout_shoals, nicolae_shoals_seven_spires
Shoals:4: shoals_end_simple, layout_shoals
Spider:1: nicolae_spider_mines_2, nicolae_spider_webbed_stairs
Spider:2: layout_spider_delve
Spider:3: layout_spider_delve, nicolae_spider_shape, uniq_donald
Spider:4: guppyfry_spider_rune, drop_trap, spiders_nest_spider_trap,
          uniq_arachne
Orc:1:    layout_caves, mines5_lemuel, uniq_urug, uniq_fannar
Orc:2:    st_orc_mages, layout_caves, gammafunk_ghost_cemetery, mines2_lemuel,
          uniq_rupert
Vaults:1: gammafunk_vaults_ghost_cemetery, nicolae_vaults_hallways_thing,
          v_rooms_6, v_misc_28, ontoclasm_vaults_misaligned,
          vaults_room_door_hall, vaults_dpeg_ring, vaults_dpeg_hooks,
          grunt_vaults_focal, serial_ice_b, layout_vaults_omnigrid
Vaults:2: nicolae_vaults_shelves_hall, nicolae_vaults_network_quinsquares
          [nicolae_vaults_network_quincunx_subvault,
          nicolae_vaults_network_quincunx_subvault,
          nicolae_vaults_network_quincunx_subvault,
          nicolae_vaults_network_quincunx_subvault], v_misc_9,
          grunt_vaults_swirl, dpeg_vaults_pockets_of_resistance,
          hangedman_vaults_variations, ontoclasm_vaults_misaligned,
          vaults_room_ringed_pool, ontoclasm_vaults_pinch,
          vaults_standard_mumra_enter_the_diamond, ontoclasm_vaults_idyll,
          grunt_vaults_funnel, vaults_dpeg_cross, nicolae_vaults_asterisk,
          layout_vaults_omnibox
Vaults:3: vaults_standard_mumra_enter_the_diamond, ontoclasm_vaults_gallery,
          nicolae_vaults_little_squares_6, minmay_crypt_entry_simple_box,
          hangedman_vaults_locks, v_misc_30, vaults_room_mumra_shop_pool,
          v_misc_3, nicolae_vaults_little_squares_1, v_misc_9,
          nicolae_vaults_little_squares_1, layout_vaults_maze_snakey,
          basic_altar

Skill      XL: |  1  2  3  4  5  6  7  8  9 10 11 12 13 14 15 16 17 18 19 |
---------------+----------------------------------------------------------+-----
Fighting       | 4 5 6 7 9 10 12 13 14 15 17 18 19 20 | 20.3
Axes           | 4 5 6 7 9 10 11 13 15 17 19 20 21 22 24 25 | 25.6
Armour         | 3 4 6 7 8 10 11 13 14 15 16 17 | 17.4
Dodging        | 3 4 5 6 7 8 |  8.6
Stealth        | 1 2 3 |  3.9
Slings         | 1 5 6 7 8 10 11 | 11.4
Shields        | 1 3 |  3.2
Throwing       | |  0.5
Evocations     | |  0.4

Action                   |  1- 3 |  4- 6 |  7- 9 | 10-12 | 13-15 | 16-18 | 19-21 || total
-------------------------+-------+-------+-------+-------+-------+-------+-------++-------
Melee: Hand axe          |    72 |   111 |   179 |       |       |       |       ||   362
       Headbutt          |    16 |    23 |    55 |   100 |   163 |   277 |    75 ||   709
       War axe           |       |       |    10 |   364 |   163 |       |       ||   537
       Executioner's axe |       |       |       |       |   514 |  1067 |   258 ||  1839
 Fire: Hunting sling     |       |       |    64 |    58 |   259 |   151 |       ||   532
Throw: Boomerang         |       |       |       |       |     3 |       |       ||     3
Invok: Berserk           |     1 |     1 |     6 |     7 |    16 |    14 |     5 ||    50
       Trog's Hand       |       |       |     1 |     1 |       |       |       ||     2
       Brothers in Arms  |       |       |       |       |     1 |     1 |     1 ||     3
Evoke: Wand              |       |       |     1 |       |       |     1 |       ||     2
  Use: Scroll            |       |       |     7 |    16 |     8 |    11 |     2 ||    44
       Potion            |       |       |     2 |     2 |     1 |     8 |     4 ||    17
 Stab: Distracted        |       |       |       |       |       |     1 |       ||     1
  Eat: Chunk             |     2 |     5 |    10 |    21 |    14 |    18 |     6 ||    76
       Ration            |       |     1 |     2 |     3 |    12 |    14 |     2 ||    34
Armor: Ring mail         |    20 |    42 |    17 |       |       |       |       ||    79
       Chain mail        |       |       |    84 |   183 |   539 |   829 |   110 ||  1745
Dodge: Dodged            |    38 |    77 |   110 |   188 |   646 |  1095 |   188 ||  2342
Block: Buckler           |       |       |       |    30 |    20 |       |       ||    50
